 Dungeon Sprint DCSS version 0.21.1-1-g345015f (webtiles) character file.

1315 Fang the Cleaver (level 8, -4/129 HPs)
             Began as a Minotaur Berserker on Apr 23, 2018.
             Was an Elder of Trog.
             Slain by a demonic crawler (7 damage)
             ... in the Dungeon (Sprint I: "Red Sonja").
             The game lasted 00:01:43 (516 turns).

Fang the Cleaver (Minotaur Berserker)                Turns: 516, Time: 00:01:44

Health: -4/129     AC:  2    Str: 29    XL:     8   Next: 33%
Magic:  7/7        EV: 15    Int:  4    God:    Trog [****..]
Gold:   272        SH:  0    Dex: 10    Spells: 7/7 levels left

rFire    . . .     SeeInvis .   a - +0 hand axe
rCold    . . .     Gourm    .   (no shield)
rNeg     . . .     Faith    .   b - +0 animal skin
rPois    .         Spirit   .   (helmet restricted)
rElec    .         Reflect  .   (no cloak)
rCorr    .         Harm     .   (no gloves)
MR       .....     NoTele   +   (no boots)
Stlth    ..........             (no amulet)
HPRegen  0.31/turn              (no ring)
MPRegen  0.10/turn              (no ring)

@: berserking, starving, very quick
A: retaliatory headbutt, horns 2
a: Berserk, Trog's Hand, Brothers in Arms, Burn Spellbooks, Renounce Religion


You were in the Dungeon.
You worshipped Trog.
Trog was greatly pleased with you.
You were starving.

You visited 1 branch You collected 272 gold pieces.

Inventory:

Hand Weapons
 a - a +0 hand axe (weapon)
Armour
 b - a +0 animal skin (worn)
Wands
 j - a wand of digging (14)
Scrolls
 i - a scroll of blinking
Potions
 d - a potion of curing
 e - a potion of heal wounds
 f - a potion of haste
 g - 2 potions of magic
 h - a potion of berserk rage
 k - a potion of flight {unknown}
Comestibles
 c - a ration


   Skills:
 + Level 13.4 Fighting
 + Level 13.7 Axes
 + Level 7.6 Armour
 + Level 7.3 Dodging
 + Level 1.6 Stealth


You had 7 spell levels left.
You didn't know any spells.

Dungeon Overview and Level Annotations

Branches:
Dungeon (1/1)

Altars:
Makhleb
Sif Muna
Vehumet
Wu Jian
Xom
Jiyva
Lugonu


Innate Abilities, Weirdness & Mutations

You reflexively headbutt those who attack you in melee.
You have a pair of horns on your head.


Message History

The demonic crawler completely misses you.
The demonic crawler misses you. The demonic crawler hits you.
The demonic crawler hits you!
* * * LOW HITPOINT WARNING * * *
The demonic crawler hits you!
* * * LOW HITPOINT WARNING * * *
The demonic crawler hits you!
* * * LOW HITPOINT WARNING * * *
The demonic crawler barely misses you. x2; The demonic crawler hits you.
* * * LOW HITPOINT WARNING * * *
The demonic crawler hits you.
* * * LOW HITPOINT WARNING * * *
There is an open door, spattered with blood here.
You see here a demonic crawler corpse.
You barely miss the demonic crawler. You headbutt the demonic crawler!
The demonic crawler is moderately wounded.
You hit the demonic crawler.
You hit the demonic crawler but do no damage.
The demonic crawler closely misses you. The demonic crawler hits you!
You die...

#################
#..'..#__#..')..#
').#..'^.'..#..s##+#
#####'#__####...@s.#
# #.#### #####s.+ #
##.# +## #_.+ +..._#
#_.#+# ##+


You could see 3 demonic crawlers.

Vanquished Creatures
  2 kobold demonologists (D)
  A demonic crawler (D)
  A slime creature (D)
  Sigmund (D)
  A floating eye (D)
  An ogre (D)
  A jelly (D)
  Ijyb (D)
9 creatures vanquished.

Vanquished Creatures (others)
  A gargoyle (D)
1 creature vanquished.

Grand Total: 10 creatures vanquished

Notes
Turn   | Place    | Note
-------+----------+-------------------------------------------
     0 | D        | Fang the Minotaur Berserker began the quest for the Orb.
     0 | D        | Reached XP level 1. HP: 19/19 MP: 0/0
     4 | D        | Noticed Ijyb
     9 | D        | Killed Ijyb
     9 | D        | Reached skill level 5 in Fighting
     9 | D        | Reached skill level 5 in Axes
     9 | D        | Reached XP level 2. HP: 30/30 MP: 1/1
    50 | D        | Noticed an ogre
    53 | D        | Killed an ogre
    53 | D        | Reached XP level 3. HP: 40/40 MP: 2/2
    53 | D        | Reached XP level 4. HP: 48/48 MP: 3/3
   107 | D        | Noticed Sigmund
   111 | D        | Killed Sigmund
   111 | D        | Reached ** piety under Trog
   111 | D        | Reached skill level 10 in Fighting
   111 | D        | Reached skill level 10 in Axes
   111 | D        | Reached skill level 5 in Armour
   111 | D        | Reached XP level 5. HP: 58/58 MP: 4/4
   111 | D        | Reached XP level 6. HP: 66/66 MP: 5/5
   172 | D        | Found a deep blue altar of Sif Muna.
   173 | D        | Found an ornate altar of the Wu Jian Council.
   174 | D        | Found a radiant altar of Vehumet.
   177 | D        | Reached skill level 5 in Dodging
   185 | D        | Found a viscous altar of Jiyva.
   185 | D        | Found a corrupted altar of Lugonu.
   185 | D        | Noticed a slime creature
   186 | D        | Found a burning altar of Makhleb.
   186 | D        | Found a shimmering altar of Xom.
   197 | D        | Killed a slime creature
   200 | D        | Killed a gargoyle
   438 | D        | Noticed a kobold demonologist
   438 | D        | Noticed a floating eye
   439 | D        | Noticed a kobold demonologist
   440 | D        | Killed a floating eye
   440 | D        | Reached *** piety under Trog
   440 | D        | Reached XP level 7. HP: 75/75 MP: 6/6
   441 | D        | Noticed an orange demon
   442 | D        | Noticed a sun demon
   444 | D        | Killed a kobold demonologist
   444 | D        | Reached skill level 1 in Stealth
   448 | D        | Killed a kobold demonologist
   448 | D        | Reached **** piety under Trog
   448 | D        | Reached XP level 8. HP: 62/86 MP: 7/7
   509 | D        | Noticed a demonic crawler
   509 | D        | Noticed a demonic crawler
   509 | D        | Noticed a demonic crawler
   509 | D        | Noticed a demonic crawler
   514 | D        | Killed a demonic crawler
   515 | D        | HP: 6/129 [demonic crawler (6)]
   516 | D        | Slain by a demonic crawler

Skill      XL: |  1  2  3  4  5  6  7 |
---------------+----------------------+-----
Fighting       | 5 7 10 11 13 | 13.4
Axes           | 5 7 10 11 13 | 13.7
Armour         | 3 4 5 6 7 |  7.6
Dodging        | 3 4 5 7 |  7.3
Stealth        | 1 |  1.6

Action                   |  1- 3 |  4- 6 |  7- 9 || total
-------------------------+-------+-------+-------++-------
Melee: Hand axe          |     6 |    13 |    12 ||    31
       Headbutt          |     3 |     5 |     7 ||    15
Invok: Berserk           |     2 |     3 |     1 ||     6
  Use: Scroll            |       |     1 |       ||     1
  Eat: Chunk             |       |     2 |       ||     2
Armor: Animal skin       |     1 |       |       ||     1
Dodge: Dodged            |     1 |     4 |    17 ||    22
